 Dungeon Crawl Stone Soup version 0.26-a0-259-g1effd001a9 (webtiles) character file.

Game seed: 5449366461456598499

4337 raph the Spear-Bearer (level 10, -3/73 HPs)
             Began as a Merfolk Skald on July 17, 2020.
             Was a Follower of Sif Muna.
             Slain by an unseen horror (5 damage)
             ... on level 8 of the Dungeon.
             The game lasted 00:22:16 (11207 turns).

raph the Spear-Bearer (Merfolk Skald)              Turns: 11207, Time: 00:22:17

Health: -3/73      AC:  8    Str: 11    XL:     10   Next: 33%
Magic:  12/15      EV: 15    Int: 19    God:    Sif Muna [*.....]
Gold:   370        SH:  0    Dex: 17    Spells: 4/15 levels left

rFire    . . .     SeeInvis .   a - +1 spear (venom)
rCold    + . .     Faith    .   (no shield)
rNeg     . . .     Spirit   .   y - +1 leather armour {rC+}
rPois    .         Reflect  .   (no helmet)
rElec    .         Harm     .   (no cloak)
rCorr    .                      (no gloves)
MR       .....                  (no boots)
Stlth    +++.......             (no amulet)
HPRegen  0.22/turn              k - +6 ring of intelligence
MPRegen  0.14/turn              v - +4 ring of protection

@: no status effects
A: change form in water, swift swim, stealthy swim
a: Channel Magic, Renounce Religion


You were on level 8 of the Dungeon.
You worshipped Sif Muna.
Sif Muna was aware of your devotion.
You were not hungry.

You visited 1 branch of the dungeon, and saw 8 of its levels.

You collected 370 gold pieces.

Inventory:

Hand Weapons
 a - a +1 spear of venom (weapon)
 b - a +0 vorpal spear
 m - a +1 spear
Missiles
 j - 231 stones
 n - 3 silver javelins (quivered)
 q - 6 boomerangs of dispersal
 s - 8 poisoned darts
Armour
 t - a +2 leather armour
 y - a +1 leather armour of cold resistance (worn)
Jewellery
 f - a +6 ring of strength
 k - a +6 ring of intelligence (left hand)
 v - a +4 ring of protection (right hand)
 B - an uncursed ring of wizardry {unknown}
Wands
 c - a wand of random effects (16)
 l - a wand of acid (5)
 u - a wand of polymorph (6)
 x - a wand of clouds (3)
Scrolls
 z - a scroll of remove curse
 A - a scroll of identify
Potions
 e - 3 potions of flight
 h - a potion of cancellation
 i - 2 potions of lignification
 o - 3 potions of brilliance
 p - a potion of stabbing
 r - a potion of haste {unknown}
 w - 2 potions of curing {unknown}
Comestibles
 d - 28 rations


   Skills:
 + Level 4.8 Fighting
 - Level 12.0 Polearms
 - Level 0.6 Armour
 + Level 5.7 Dodging
 + Level 4.3 Stealth
 + Level 3.3 Spellcasting
 - Level 4.1 Hexes
 + Level 9.7 Charms
 - Level 1.2 Translocations


You had 4 spell levels left.
You knew the following spells:

 Your Spells              Type           Power        Failure   Level
a - Infusion              Chrm           ####         1%          1
b - Song of Slaying       Chrm           #####...     1%          2
c - Shroud of Golubria    Chrm/Tloc      ###...       3%          2
d - Spectral Weapon       Hex/Chrm       ####....     3%          3
e - Ozocubu's Armour      Chrm/Ice       ###.....     8%          3

Your spell library contained the following spells:

 Spells                   Type           Power        Failure   Level


Dungeon Overview and Level Annotations

Branches:
Dungeon (8/15)             Temple (0/1) D:6
   Lair: D:8-11

Altars:
Sif Muna
Trog


Message History

* * * LOW HITPOINT WARNING * * *
Something hits you!
* * * LOW HITPOINT WARNING * * *
Your shroud falls apart!
Something hits you but does no damage. Something hits you.
* * * LOW HITPOINT WARNING * * *
Something hits you but does no damage.
You see here 4 gold pieces.
Something hits you.
* * * LOW HITPOINT WARNING * * *
Okay, then.
Okay, then.
Something closely misses you. Something hits you.
* * * LOW HITPOINT WARNING * * *
Something closely misses you. Something hits you but does no damage.
Something hits you.
You die...

.....................
##.#.....###.........
#........##$........
#..#................
#..###............# # ..
##..........### . #
#.............##.# ..
..#.........#..#.#..# .# #..
#......@..##.....## ##.#
#..##.###...#.......... ...#
.>.#.# ##......#...... ...##
#..#.# ##...#......$#
....##.....# ####......>....
....#.. #.. #.........##.#.
....#.# #.####............#
....#.###....{.........#..#
......(.....##..............


There were no monsters in sight!

Vanquished Creatures
  Grinder (D:3)
  Sigmund (D:4)
  4 hogs (D:7)
  A human (D:7)
  Eustachio (D:3)
  2 orc warriors
  2 sky beasts
  4 black bears
  An eye of draining (D:8)
  A phantom (D:4)
  A necrophage (D:7)
  2 ice beasts
  An ogre (D:5)
  2 centaurs
  3 bullfrogs
  2 scorpions
  9 killer bees
  3 howler monkeys
  A bullfrog zombie (D:6)
  4 hounds
  3 orc priests
  A centaur skeleton (D:4)
  Terence (D:3)
  Jessica (D:3)
  A gnoll shaman (D:4)
  An iguana (D:7)
  4 worker ants
  4 orc wizards
  A worker ant zombie (D:7)
  9 gnolls
  11 adders
  A howler monkey skeleton (D:6)
  2 white imps
  2 ufetubi
  2 adder zombies
  An adder skeleton (D:8)
  3 worms
  3 dart slugs
  6 leopard geckos
  12 orcs
  7 bats
  4 giant cockroaches
  10 goblins
  4 hobgoblins
  12 jackals
  A quokka (D:5)
  A ball python (D:3)
  7 frilled lizards
  A giant cockroach zombie (D:6)
  A jackal skeleton (D:7)
  15 kobolds
  8 rats
186 creatures vanquished.

Vanquished Creatures (others)
  4 spectral weapons
4 creatures vanquished.

Grand Total: 190 creatures vanquished

Notes
Turn   | Place    | Note
-------+----------+-------------------------------------------
     0 | D:1      | raph the Merfolk Skald began the quest for the Orb.
     0 | D:1      | Reached XP level 1. HP: 16/16 MP: 3/3
   320 | D:1      | Reached XP level 2. HP: 22/22 MP: 0/5
   538 | D:1      | Learned a level 2 spell: Song of Slaying
   541 | D:1      | Learned a level 2 spell: Shroud of Golubria
  1085 | D:2      | Reached XP level 3. HP: 15/27 MP: 0/6
  1841 | D:2      | Reached XP level 4. HP: 33/33 MP: 2/7
  1961 | D:2      | Reached skill level 1 in Translocations
  2067 | D:2      | Reached skill level 4 in Polearms
  2486 | D:2      | Reached skill level 5 in Charms
  2628 | D:3      | Noticed Jessica
  2942 | D:3      | Noticed Terence
  2962 | D:3      | Killed Terence
  2962 | D:3      | Reached XP level 5. HP: 23/38 MP: 1/8
  3776 | D:3      | Noticed Grinder
  3800 | D:3      | Killed Jessica
  4234 | D:4      | Reached XP level 6. HP: 44/44 MP: 2/9
  4255 | D:4      | Reached skill level 5 in Polearms
  4563 | D:4      | Noticed Eustachio
  4619 | D:4      | Noticed Sigmund
  4780 | D:3      | Killed Eustachio
  4780 | D:3      | Reached XP level 7. HP: 36/50 MP: 4/11
  4826 | D:3      | Learned a level 3 spell: Spectral Weapon
  4830 | D:3      | Learned a level 3 spell: Ozocubu's Armour
  4901 | D:3      | Paralysed by Grinder for 2 turns
  4903 | D:3      | Killed Grinder
  4903 | D:3      | Reached skill level 6 in Polearms
  4903 | D:3      | Reached skill level 1 in Hexes
  5466 | D:3      | Found a shimmering blue altar of Sif Muna.
  5551 | D:4      | Killed Sigmund
  5551 | D:4      | Reached XP level 8. HP: 51/56 MP: 1/12
  5827 | D:4      | Found a bloodstained altar of Trog.
  6116 | D:4      | Reached skill level 7 in Polearms
  6759 | D:5      | Entered Level 5 of the Dungeon
  6817 | D:5      | Reached skill level 8 in Polearms
  7144 | D:5      | Reached skill level 9 in Polearms
  7570 | D:3      | Became a worshipper of Sif Muna the Loreminder
  8416 | D:5      | Reached XP level 9. HP: 61/61 MP: 9/13
  8578 | D:6      | Found a staircase to the Ecumenical Temple.
  8693 | D:6      | Reached skill level 10 in Polearms
  8693 | D:6      | Reached skill level 1 in Stealth
  9851 | D:7      | Reached * piety under Sif Muna
 10201 | D:7      | Reached skill level 11 in Polearms
 10591 | D:7      | Reached XP level 10. HP: 71/71 MP: 8/14
 10603 | D:7      | Reached skill level 5 in Dodging
 10832 | D:8      | Reached skill level 12 in Polearms
 11204 | D:8      | HP: 2/73 [something (5)]
 11207 | D:8      | Slain by an unseen horror

Illustrated notes

Levels and vault maps discovered:
D:1:      lightli_molten_gateway, layout_basic
D:2:      layout_loops_ring, grunt_ministairs_6, chequers_big_river,
          kennysheep_decorative_pillar
D:3:      layout_loops_cross, first_ration, lemuel_blue_sif_altar, uniq_grinder,
          uniq_terence, uniq_jessica
D:4:      layout_loops_cross, trog_hazing_becter, uniq_eustachio, uniq_sigmund
D:5:      layout_gridville
D:6:      layout_basic, minmay_temple_entry_antechambers, minmay_checkerbox
D:7:      cheibrodos_quashed, layout_loops_ring, grunt_livestock
D:8:      layout_rooms, erik_lair_dragon, uniq_pikel, uniq_maggie

Skill      XL: |  1  2  3  4  5  6  7  8  9 10 |
---------------+-------------------------------+-----
Charms         | 4 5 6 7 8 9 |  9.7
Translocations | 1 |  1.2
Polearms       | 4 5 6 9 11 12 | 12.0
Spellcasting   | 3 |  3.3
Hexes          | 2 4 |  4.1
Dodging        | 4 5 |  5.7
Stealth        | 3 4 |  4.3
Fighting       | 4 |  4.8
Armour         | |  0.6

Action                   |  1- 3 |  4- 6 |  7- 9 | 10-12 || total
-------------------------+-------+-------+-------+-------++-------
Melee: Spear             |    86 |   188 |   407 |   102 ||   783
Throw: Javelin           |       |     1 |       |     1 ||     2
 Cast: Infusion          |    16 |    26 |     7 |       ||    49
       Song of Slaying   |       |     2 |       |       ||     2
       Shroud of Golubri |       |     2 |    18 |     3 ||    23
       Spectral Weapon   |       |       |    42 |     4 ||    46
Evoke: Wand              |       |       |       |     3 ||     3
  Use: Scroll            |       |     9 |     9 |     1 ||    19
       Potion            |       |       |     1 |       ||     1
 Stab: Sleeping          |       |     1 |     6 |     1 ||     8
       Distracted        |       |       |     3 |       ||     3
  Eat: Ration            |     1 |     3 |     5 |       ||     9
Armor: Leather armour    |    12 |    28 |    88 |    29 ||   157
Dodge: Dodged            |    38 |    75 |   114 |    46 ||   273

Table legend:
 A = Non-vault XP
 B = Vault XP
 C = Vault XP percentage of total XP
 D = Non-vault monster count
 E = Vault monster count
 F = Vault count percentage of total count
                 A         B        C        D         E       F
            +---------+---------+-------+---------+---------+-------
      Total |    4390 |    1806 |  29.1 |     166 |      20 |  10.8
            +---------+---------+-------+---------+---------+-------
        D:1 |      34 |       0 |   0.0 |      20 |       0 |   0.0
        D:2 |      87 |      17 |  16.3 |      21 |       2 |   8.7
        D:3 |     181 |     538 |  74.8 |      33 |       4 |  10.8
        D:4 |     449 |     242 |  35.0 |      20 |       7 |  25.9
        D:5 |     882 |       0 |   0.0 |      21 |       0 |   0.0
        D:6 |     552 |      15 |   2.6 |      11 |       2 |  15.4
        D:7 |    1504 |     994 |  39.8 |      26 |       5 |  16.1
        D:8 |     701 |       0 |   0.0 |      14 |       0 |   0.0
            +---------+---------+-------+---------+---------+-------
